 Dungeon Crawl Stone Soup version 0.23.0-3-gf3c87f2 (webtiles) character file.

Game seed: 1083221860294003492

3037 Borgoz the Sneak (level 9, -2/52 HPs)
             Began as a Gargoyle Enchanter on Feb 23, 2019.
             Was an Initiate of Ashenzari.
             Slain by a killer bee (3 damage)
             ... on level 7 of the Dungeon.
             The game lasted 00:25:38 (10604 turns).

Borgoz the Sneak (Gargoyle Enchanter)              Turns: 10604, Time: 00:25:39

Health: -2/52      AC: 11    Str: 17    XL:     9   Next: 86%
Magic:  0/13       EV: 14    Int: 15    God:    Ashenzari [......]
Gold:   395        SH:  0    Dex: 13    Spells: 10/13 levels left

rFire    . . .     SeeInvis .   a - +2 dagger
rCold    . . .     Gourm    .   (no shield)
rNeg     + . .     Faith    .   q - +0 leather armour
rPois    ∞         Spirit   +   (no helmet)
rElec    +         Reflect  .   (no cloak)
rCorr    .         Harm     .   w - +0 pair of gloves
MR       .....                  (no boots)
Stlth    ++++......             x - amulet of guardian spirit
HPRegen  0.17/turn              e - +4 ring of strength
MPRegen  0.13/turn              z - ring of stealth

@: no status effects
A: negative energy resistance 1, electricity resistance, unbreathing,
petrification resistance, rot immunity, AC +6
a: Curse Item, Renounce Religion


You were on level 7 of the Dungeon.
You worshipped Ashenzari.
Ashenzari was noncommittal.
You were not hungry.

You visited 2 branches of the dungeon, and saw 9 of its levels.
You also visited: Sewer.

You collected 395 gold pieces.

Inventory:

Hand Weapons
 a - a +2 dagger (weapon)
 b - a +0 blowgun
Missiles
 f - 27 poisoned needles
 h - 2 curare-tipped needles
 m - 3 needles of frenzy
Armour
 q - a +0 leather armour (worn)
 w - a +0 pair of gloves (worn)
Jewellery
 e - a +4 ring of strength (left hand)
 g - an uncursed amulet of faith
 j - a +2 amulet of reflection
 x - an amulet of guardian spirit (around neck)
 z - a ring of stealth (right hand)
Wands
 k - a wand of paralysis (11)
 o - a wand of random effects (17)
Scrolls
 i - a scroll of magic mapping
 n - 2 scrolls of remove curse
 r - 2 scrolls of amnesia
 u - 2 scrolls of identify
 v - a scroll of enchant armour
 y - a scroll of holy word
Potions
 p - 4 potions of brilliance
Comestibles
 c - 4 chunks of flesh
 d - 9 rations


   Skills:
 + Level 4.7 Fighting
 * Level 6.0 Short Blades
 - Level 1.6 Throwing
 + Level 4.8 Armour
 * Level 5.6 Dodging
 + Level 6.3 Stealth
 - Level 2.7 Spellcasting
 + Level 4.9 Hexes


You had 10 spell levels left.
You knew the following spells:

 Your Spells              Type           Power        Failure   Level  Hunger
a - Corona                Hex            ###....      3%          1    #......
b - Ensorcelled Hibernat  Hex/Ice        #.....       14%         2    ##.....

Your spell library contained the following spells:

 Spells                   Type           Power        Failure   Level  Hunger
 Slow                     Hex            ###.....     4%          2    ##.....
 Confuse                  Hex            ###.....     10%         3    ###....
 Tukima's Dance           Hex            ###.....     10%         3    ###....
 Magic Dart               Conj           #...         24%         1    #......
 Dazzling Spray           Conj/Hex       #.....       26%         3    ###....
 Blink                    Tloc           N/A          36%         2    ##.....
 Call Imp                 Summ           #.......     36%         2    ##.....
 Conjure Flame            Conj/Fire      #.......     58%         3    ###....
 Mephitic Cloud           Conj/Pois/Air  #.......     58%         3    ###....


Dungeon Overview and Level Annotations

Branches:
Dungeon (8/15)             Temple (1/1) D:7            Lair (0/6) D:8

Altars:
Ashenzari
Cheibriados
Dithmenos
Elyvilon
Fedhas
Gozag
Hepliaklqana
Makhleb
Nemelex Xobeh
Okawaru
Qazlal
Ru
Sif Muna
Trog
Uskayaw
Wu Jian
Xom
Yredelemnul
Zin
The Shining One

Annotations:
D:6 2 transporters, tyn's ghost, amateur GrEE
D:7 3 runed translucent doors, Yolobob's ghost, novice CeHu


Innate Abilities, Weirdness & Mutations

You are resistant to torment.
Your stone body is resilient. (AC +6)
You are immune to poison.
You resist negative energy. (rN+)
You are resistant to electric shocks. (rElec)
You can survive without breathing.
You are immune to petrification.
You are immune to rotting.


Message History

* * * LOW HITPOINT WARNING * * *
You hit the killer bee.
You kill the killer bee!
The killer bee completely misses you. The killer bee stings you.
* * * LOW HITPOINT WARNING * * *
You hit the killer bee but do no damage.
The killer bee stings you but does no damage. x2
The killer bee closely misses you. The killer bee misses you.
You closely miss the killer bee. The killer bee closely misses you.
The killer bee stings you.
* * * LOW HITPOINT WARNING * * *
The killer bee stings you but does no damage.
The killer bee barely misses you. x2
You hit the killer bee but do no damage.
The killer bee stings you!
* * * LOW HITPOINT WARNING * * *
The killer bee stings you but does no damage.
The killer bee closely misses you. The killer bee misses you.
You barely miss the killer bee. The killer bee stings you.
You die...

#....#....# #...
#....#....# #...
#....#....# #...
#....#.... ##...
#....##'########....
##'#.........######
#.y'.........#
#yy#.........#
#y@#.........######
#..##......###..#).
#...#......'....#..
#...#......#....#..
#[..#......#....#..
#...#......######..
#...#.............(
#...#..............
#..............


You could see 4 killer bees.

Vanquished Creatures
  A two-headed ogre (D:6)
  2 hippogriffs
  An orc warrior (D:6)
  A sky beast (D:6)
  2 centaurs
  3 ogres
  2 big kobolds
  5 bullfrogs
  A scorpion (D:7)
  2 killer bees (D:7)
  A howler monkey (D:4)
  3 crimson imps
  A centaur zombie (D:6)
  A quasit (D:6)
  3 hounds
  5 orc wizards
  An orc priest (D:7)
  A gnoll shaman (D:6)
  4 worker ants
  A hound skeleton (D:7)
  4 gnolls (D:6)
  11 adders
  A river rat (Sewer)
  An ooze (D:2)
  2 worms
  2 dart slugs
  4 leopard geckos
  14 orcs
  4 bats
  5 giant cockroaches
  8 goblins
  6 hobgoblins
  8 jackals
  4 quokkas
  9 frilled lizards
  16 kobolds
  2 leopard gecko skeletons (D:6)
  2 leopard gecko zombies
  A quokka skeleton (D:7)
  13 rats
158 creatures vanquished.

Notes
Turn   | Place    | Note
-------+----------+-------------------------------------------
     0 | D:1      | Borgoz the Gargoyle Enchanter began the quest for the Orb.
     0 | D:1      | Reached XP level 1. HP: 10/10 MP: 3/3
    93 | D:1      | Reached skill level 1 in Short Blades
   128 | D:1      | Reached XP level 2. HP: 14/15 MP: 5/5
   137 | D:1      | Learned a level 2 spell: Ensorcelled Hibernation
   849 | D:1      | Reached XP level 3. HP: 15/20 MP: 6/6
  1380 | D:2      | Reached skill level 1 in Fighting
  1424 | D:2      | Reached skill level 1 in Armour
  1424 | D:2      | Reached XP level 4. HP: 16/25 MP: 7/7
  2855 | D:3      | Reached XP level 5. HP: 29/29 MP: 8/8
  2890 | D:3      | Reached skill level 1 in Throwing
  3790 | D:4      | Found a glowing silver altar of Zin.
  3793 | D:4      | Noticed a centaur
  3825 | D:4      | Killed a centaur
  3825 | D:4      | Reached XP level 6. HP: 3/35 MP: 1/9
  3917 | D:4      | Found a shadowy altar of Dithmenos.
  4043 | D:4      | Found a glowing drain.
  4164 | Sewer    | Entered a sewer
  4273 | Sewer    | Found a glowing silver altar of Zin.
  4811 | D:4      | Reached XP level 7. HP: 33/40 MP: 11/11
  5370 | D:2      | Found a deep blue altar of Sif Muna.
  5370 | D:2      | Found a bloodstained altar of Trog.
  5373 | D:2      | Found a shadowy altar of Dithmenos.
  5497 | D:5      | Entered Level 5 of the Dungeon
  6648 | D:6      | Reached XP level 8. HP: 45/45 MP: 1/12
  6790 | D:6      | Found a transporter.
  6793 | D:6      | Noticed tyn's ghost (amateur GrEE)
  6799 | D:6      | Found a transporter.
  7178 | D:6      | Reached skill level 5 in Stealth
  7299 | D:6      | Noticed a two-headed ogre
  7926 | D:6      | Killed a two-headed ogre
  7926 | D:6      | Reached skill level 5 in Short Blades
  7926 | D:6      | Reached XP level 9. HP: 9/52 MP: 2/13
  8279 | D:6      | Found a basalt altar of Yredelemnul.
  8294 | D:6      | Reached skill level 5 in Dodging
  8931 | D:7      | Found a hazy altar of Hepliaklqana.
  9087 | D:7      | Found a staircase to the Ecumenical Temple.
  9132 | Temple   | Entered the Ecumenical Temple
  9306 | Temple   | Became a worshipper of Ashenzari the Shackled
 10187 | D:7      | Found a runed translucent gate.
 10187 | D:7      | Found a runed translucent gate.
 10187 | D:7      | Found a runed translucent gate.
 10192 | D:7      | Noticed Yolobob's ghost (novice CeHu)
 10342 | D:8      | Found a staircase to the Lair.
 10536 | D:7      | Found a basalt altar of Yredelemnul.
 10603 | D:7      | HP: 1/52 [killer bee (5)]
 10604 | D:7      | Slain by a killer bee

Skill      XL: |  1  2  3  4  5  6  7  8  9 |
---------------+----------------------------+-----
Short Blades   | 1 2 3 5 6 |  6.0
Dodging        | 2 3 4 5 |  5.6
Fighting       | 1 2 4 |  4.7
Armour         | 1 2 3 4 |  4.8
Hexes          | 3 4 |  4.9
Throwing       | 1 |  1.6
Stealth        | 4 5 6 |  6.3
Spellcasting   | |  2.7

Action                   |  1- 3 |  4- 6 |  7- 9 || total
-------------------------+-------+-------+-------++-------
Melee: Dagger            |   158 |   386 |   564 ||  1108
 Cast: Ensorcelled Hiber |       |    16 |    57 ||    73
       Corona            |       |     2 |     1 ||     3
  Use: Scroll            |     3 |    11 |     7 ||    21
       Potion            |     2 |     5 |     3 ||    10
 Stab: Sleeping          |     4 |     7 |    33 ||    44
       Distracted        |       |       |     1 ||     1
  Eat: Chunk             |     2 |    11 |    21 ||    34
       Ration            |       |       |     1 ||     1
Armor: Robe              |    45 |    52 |       ||    97
       Skin              |     3 |       |       ||     3
       Leather armour    |       |    54 |   251 ||   305
Dodge: Dodged            |    76 |   226 |   398 ||   700
Block: Other             |       |    14 |     6 ||    20
